 Dungeon Crawl Stone Soup version 0.25.1-2-g60ff931df9 (webtiles) character file.

Game seed: 6818860302820314482

106 pokeman the Magician (level 4, -12/25 HPs)
             Began as a Deep Elf Wizard on Oct 5, 2020.
             Killed by divine providence
             ... invoked by an orc priest
              (17 damage)
             ... on level 4 of the Dungeon.
             The game lasted 00:06:24 (3760 turns).

pokeman the Magician (Deep Elf Wizard)              Turns: 3760, Time: 00:06:25

Health: -12/25     AC:  5    Str:  4    XL:     4   Next: 55%
Magic:  2/13       EV: 11    Int: 24    God:
Gold:   116        SH:  0    Dex: 13    Spells: 3/14 levels left

rFire    + . .     SeeInvis .   g - staff of wizardry
rCold    + . .     Gourm    .   (no shield)
rNeg     . . .     Faith    .   x - +0 leather armour
rPois    .         Spirit   .   b - +0 helmet
rElec    .         Reflect  .   y - scarf {rC+ rF+}
rCorr    +         Harm     .   i - +0 pair of gloves
MR       .....                  (no boots)
Stlth    ++........             (no amulet)
HPRegen  0.08/turn              e - ring of resist corrosion
MPRegen  0.13/turn              r - ring of flight

@: very slightly contaminated
A: no striking features
a: Evoke Flight


You were on level 4 of the Dungeon.
You were not hungry.

You visited 1 branch of the dungeon, and saw 4 of its levels.

You collected 116 gold pieces.

Inventory:

Hand Weapons
 l - a +0 dagger of holy wrath
Missiles
 f - 2 throwing nets (quivered)
Armour
 b - a +0 helmet (worn)
 i - a +0 pair of gloves (worn)
 x - a +0 leather armour (worn)
 y - a scarf of resistance (worn)
Magical Staves
 g - an uncursed staff of wizardry (weapon)
Jewellery
 e - a ring of resist corrosion (left hand)
 r - a ring of flight (right hand)
Scrolls
 c - 7 scrolls of teleportation {unknown}
 h - a scroll of enchant weapon {unknown}
 o - 2 scrolls of blinking {unknown}
 p - 3 scrolls of identify {unknown}
 t - a scroll of fear {unknown}
 u - 2 scrolls of magic mapping {unknown}
 v - 4 scrolls of remove curse {unknown}
 w - a scroll of immolation {unknown}
Potions
 a - a potion of berserk rage {unknown}
 j - a potion of might {unknown}
 k - 5 potions of lignification {unknown}
 m - a potion of brilliance {unknown}
 n - a potion of curing {unknown}
 q - a potion of haste {unknown}
 s - a potion of stabbing {unknown}
 A - a potion of magic {unknown}
Comestibles
 d - 9 rations
 z - 2 chunks of flesh


   Skills:
 - Level 1.0 Fighting
 - Level 1.0 Armour
 - Level 2.4 Dodging
 - Level 2.4 Stealth
 * Level 5.8 Spellcasting
 * Level 2.4 Conjurations
 - Level 1.1 Summonings
 - Level 1.1 Translocations
 + Level 0.6 Air Magic
 + Level 0.6 Poison Magic


You had 3 spell levels left.
You knew the following spells:

 Your Spells              Type           Power        Failure   Level  Hunger
a - Magic Dart            Conj           ###.         1%          1    None
b - Mephitic Cloud        Conj/Pois/Air  ##......     11%         3    #......
c - Call Imp              Summ           ##......     6%          2    None
d - Blink                 Tloc           N/A          6%          2    None
e - Conjure Flame         Conj/Fire      ##......     11%         3    #......

Your spell library contained the following spells:

 Spells                   Type           Power        Failure   Level  Hunger
 Slow                     Hex            #.......     9%          2    None
 Gell's Gravitas          Tloc           ##........   11%         3    #......
 Confusing Touch          Hex            #.......     16%         3    #......
 Petrify                  Tmut/Erth      #.......     45%         4    ###....
 Metabolic Englaciation   Hex/Ice        #.........   80%         5    #####..
 Yara's Violent Unravell  Hex/Tmut       #.........   80%         5    #####..


Dungeon Overview and Level Annotations

Branches:
Dungeon (4/15)
 Temple: D:4-7

Altars:


Message History

Press: ? - help, Shift-Dir - straight line, f - orc priest, p - worker ant
Aim: an orc priest You miscast Mephitic Cloud.
You are very lightly contaminated with residual magic.
Nothing appears to happen.
The worker ant barely misses you.
Casting: Mephitic Cloud (quite dangerous; 11% risk of failure)
Confirm with . or Enter, or press ? or * to list all spells.
Okay, then.
Unknown command.
An orc comes into view.
Casting: Mephitic Cloud (quite dangerous; 11% risk of failure)
Confirm with . or Enter, or press ? or * to list all spells.
You don't have enough magic to cast that spell.
There are monsters nearby!
An orc comes into view. It is wielding a +0 dagger.
The worker ant barely misses something.
The orc priest mumbles some strange prayers to Beogh against you.
Beogh smites you!
Ouch! That really hurt!
You die...

#### ##..######
#....##..##
#..รท.'....#
##..##....#
+#@###..###########
##...##'#..##......
##.o...##....'.#####
#[..o..(#....###
#...8...##..########
#..o....##+##.......
##...o.## #.###.#.
##.ao## #.###.#.
###'# #.......


You could see a worker ant (confused), an orc priest and 4 orcs.

Vanquished Creatures
  3 adders
  2 worms
  2 dart slugs
  A leopard gecko (D:3)
  4 orcs (D:3)
  A ball python (D:2)
  4 giant cockroaches
  8 goblins
  4 hobgoblins
  2 quokkas (D:4)
  8 bats
  4 frilled lizards
  13 kobolds
  9 rats
65 creatures vanquished.

Notes
Turn   | Place    | Note
-------+----------+-------------------------------------------
     0 | D:1      | pokeman the Deep Elf Wizard began the quest for the Orb.
     0 | D:1      | Reached XP level 1. HP: 10/10 MP: 7/7
   207 | D:1      | Reached XP level 2. HP: 16/16 MP: 7/9
   704 | D:1      | Reached skill level 5 in Spellcasting
   997 | D:2      | Reached XP level 3. HP: 13/20 MP: 1/11
  1352 | D:2      | Reached skill level 1 in Fighting
  1400 | D:2      | Learned a level 3 spell: Mephitic Cloud
  1405 | D:2      | Learned a level 2 spell: Call Imp
  1408 | D:2      | Learned a level 2 spell: Blink
  1412 | D:2      | Learned a level 3 spell: Conjure Flame
  1667 | D:2      | Reached skill level 1 in Armour
  2334 | D:3      | Reached XP level 4. HP: 25/25 MP: 6/13
  3760 | D:4      | Killed from afar by an orc priest

Illustrated notes

Levels and vault maps discovered:
D:1:      ebering_hopf_link, layout_rooms
D:2:      layout_basic, serial_curves, eino_curves_04, eino_curves_04,
          first_ration, glass_columns_c, corexii_corridor_pit
D:3:      layout_basic, minmay_cupped
D:4:      minmay_bubble_buster, layout_loops_corners, lemuel_crystal_altar,
          kennysheep_generic_room_12

Skill      XL: |  1  2  3 |
---------------+----------+-----
Spellcasting   | 5 |  5.8
Fighting       | 1 |  1.0
Armour         | 1 |  1.0
Conjurations   | 2 |  2.4
Dodging        | |  2.4
Stealth        | |  2.4
Summonings     | |  1.1
Translocations | |  1.1
Air Magic      | |  0.6
Poison Magic   | |  0.6

Action                   |  1- 3 |  4- 6 || total
-------------------------+-------+-------++-------
Melee: Dagger            |    11 |       ||    11
       Staff             |       |     7 ||     7
Throw: Throwing net      |     1 |       ||     1
 Cast: Magic Dart        |    87 |    78 ||   165
       Mephitic Cloud    |       |     2 ||     2
  Eat: Chunk             |     4 |     4 ||     8
Armor: Robe              |     6 |       ||     6
       Leather armour    |       |     2 ||     2
Dodge: Dodged            |    25 |    18 ||    43
